 Dungeon Crawl Stone Soup version 0.31-a0-187-gba352fbbf7 (webtiles) character file.

Game seed: 11574691149473622432

18694 cforsyth the Ogre Mage (level 12, -6/126 HPs)
             Began as an Ogre Fire Elementalist on June 20, 2023.
             Was a Priest of Vehumet.
             Shot with an arrow by a centaur warrior (12 damage)
             ... on level 11 of the Dungeon on June 22, 2023.
             The game lasted 00:44:30 (19756 turns).

cforsyth the Ogre Mage (Ogre Fire Elementalist)    Turns: 19756, Time: 00:44:30

Health: -6/126     AC:  7    Str: 15    XL:     12   Next: 61%
Magic:  27/27      EV:  8    Int: 20    God:    Vehumet [***...]
Gold:   645        SH: 13    Dex:  9    Spells: 24/34 levels left

rFire   + . .        (no weapon)
rCold   . . .        N - +0 kite shield
rNeg    . . .        K - +0 steam dragon scales
rPois   .            O - +1 hat
rElec   .            (no cloak)
rCorr   .            (gloves unavailable)
SInv    +            (boots unavailable)
Will    +....        n - amulet of reflection
Stlth   +            g - ring of see invisible
HPRegen 0.41/turn    r - ring of protection from fire
MPRegen 0.20/turn

%: reflection
@: no status effects
A: large, unfitting armour, tough skin 1
a: Renounce Religion


You were on level 11 of the Dungeon.
You worshipped Vehumet.
Vehumet was most pleased with you.
You visited 2 branches of the dungeon, and saw 12 of its levels.
You also visited: Sewer.

You collected 645 gold pieces.

Inventory:

Armour
 a - a +0 robe
 J - an orb of energy
 K - +0 steam dragon scales (worn)
 N - a +0 kite shield (worn)
 O - a +1 hat (worn)
Jewellery
 g - a ring of see invisible (left hand)
 l - an amulet of faith
 n - an amulet of reflection (around neck)
 r - a ring of protection from fire (right hand)
 w - an amulet of the acrobat
 x - a +6 ring of strength
 A - a +4 ring of protection
 F - a ring of poison resistance
 P - an amulet of regeneration
Wands
 v - a wand of polymorph (1)
 B - a wand of acid (1)
 L - a wand of charming (4)
Scrolls
 c - 5 scrolls of identify
 d - 3 scrolls of fear {unknown}
 i - 2 scrolls of immolation {unknown}
 k - 2 scrolls of vulnerability {unknown}
 m - 2 scrolls of enchant armour {unknown}
 p - a scroll of torment {unknown}
 q - 7 scrolls of teleportation
 t - a scroll of revelation {unknown}
 y - 3 scrolls of fog {unknown}
 C - 2 scrolls of acquirement {unknown}
 D - a scroll of enchant weapon {unknown}
 H - 2 scrolls of poison {unknown}
 I - 2 scrolls of noise {unknown}
 M - a scroll of amnesia {unknown}
 Q - a scroll of blinking
Potions
 b - a potion of magic
 e - 2 potions of invisibility
 f - a potion of lignification {unknown}
 h - 5 potions of curing {unknown}
 j - 2 potions of degeneration {unknown}
 o - a potion of resistance {unknown}
 s - 3 potions of brilliance {unknown}
 u - a potion of might {unknown}
 z - 2 potions of haste {unknown}
 E - 2 potions of heal wounds {unknown}
 G - a potion of mutation {unknown}


   Skills:
 + Level 10.3 Fighting
 - Level 1.7 Dodging
 - Level 1.4 Stealth
 + Level 5.4 Shields
 + Level 11.8 Spellcasting
 + Level 9.6 Conjurations
 + Level 10.1 Fire Magic


You had 24 spell levels left.
You knew the following spells:

 Your Spells              Type           Power      Damage    Failure   Level
a - Foxfire               Conj/Fire      100%       2x1d9     1%          1
b - Scorch                Fire           100%       2d9       1%          2
c - Flame Wave            Conj/Fire      51%        2d13      1%          4
d - Hailstorm             Conj/Ice       31%        3d8       1%          3

Your spell library contained the following spells:

 Spells                   Type           Power      Damage    Failure   Level
 Inner Flame              Hex/Fire       32%        N/A       1%          3
 Volatile Blastmotes      Fire/Tloc      64%        2d15      1%          3
 Sticky Flame             Conj/Fire      51%        2d7       1%          4
 Ignite Poison            Fire/Tmut/Pois 25%        N/A       3%          3
 Apportation              Tloc           22%        N/A       16%         1
 Sublimation of Blood     Necr           11%        N/A       24%         2
 Wereblood                Tmut           11%        N/A       24%         2
 Ozocubu's Armour         Ice            11%        N/A       43%         3
 Yara's Violent Unravell  Hex/Tmut       5%         3d4       71%         5
 Passage of Golubria      Tloc           11%        N/A       85%         4
 Ignition                 Fire           25%        3d9       97%         8
 Alistair's Intoxication  Tmut/Pois      7%         N/A       99%         5
 Metabolic Englaciation   Hex/Ice        5%         N/A       99%         5
 Silence                  Hex/Air        5%         N/A       99%         5
 Simulacrum               Ice/Necr       5%         N/A       100%        6
 Enfeeble                 Hex            5%         N/A       100%        7
 Summon Hydra             Summ           5%         N/A       100%        7
 Lehudib's Crystal Spear  Conj/Erth      15%        10d5      100%        8


Dungeon Overview and Level Annotations

Branches:
Dungeon (11/15)            Temple (1/1) D:5            Lair (0/5) D:11
    Orc (0/2) D:9           Sewer (visited)

Altars:
Ashenzari
Cheibriados
Dithmenos
Elyvilon
Fedhas
Gozag
Hepliaklqana
Kikubaaqudgha
Makhleb
Nemelex Xobeh
Okawaru
Qazlal
Ru
Sif Muna
Trog
Uskayaw
Vehumet
Wu Jian
Xom
Yredelemnul
Zin
The Shining One

Shops:
D:1 [   D:7 !


Innate Abilities, Weirdness & Mutations

You are too large for most types of armour.
You have tough skin. (AC +1)


Message History

The manticore is almost dead.
The manticore bites you but does no damage.
You block the manticore's attack. The manticore claws you!
Casting: Scorch (safe; 1% risk of failure)
Confirm with . or Enter, or press ? or * to list all spells.
Flames lash the manticore.
The manticore is burned terribly!
You kill the manticore!
Vehumet accepts your kill.
Magic restored.
HP restored.
Found an escape hatch in the ceiling.
Found an escape hatch in the floor.
There is an escape hatch in the floor here.
Found a long sword.
There is an escape hatch in the floor here.
(D) Dungeon (T) Temple (L) Lair (O) Orcish Mines
Where to? (Enter - D:10 @ (x,y), ? - help)
What level of the Lair of Beasts? (default 1, ? - help)
There is an escape hatch in the floor here.
The centaur warrior shouts!
You hear two shouts!
The centaur warrior shoots an arrow.
The arrow hits you! The arrow freezes you.
The centaur warrior shoots an arrow.
The arrow hits you!! The arrow freezes you.
The centaur warrior shoots an arrow.
The arrow hits you! The arrow freezes you.
The centaur warrior shoots an arrow.
You block the arrow with an invisible shield... and reflect it back!
The arrow hits the centaur warrior!
The arrow freezes the centaur warrior.
The centaur warrior shoots an arrow.
The arrow completely misses you.
There is an escape hatch in the floor here.
The centaur warrior shoots an arrow.
The arrow hits you! The arrow freezes you.
The centaur warrior shoots an arrow.
The arrow hits you!!
* * * LOW HITPOINT WARNING * * *
The arrow freezes you.
* * * LOW HITPOINT WARNING * * *
The centaur warrior shoots an arrow.
The arrow hits you!!
* * * LOW HITPOINT WARNING * * *
The arrow freezes you!
* * * LOW HITPOINT WARNING * * *
The centaur warrior shoots an arrow.
The arrow hits you!
You die...

.###..## ###...##
#......)...### ####..#
##.#####.............#
##...##
##.###................
##.....#
##......###.........##.
....##.####..##c..#
#............
...###......####>.#
#..##........
..###..#...##
#..###..##..†....#
.#.........#
##...#.......<...##
...##.)....#
#.@...........#....
..#####....##
#..#..#.....####.##
..##
#.###.##..#..###.#.##
#.# ...####.#
#..#.##.## ###.# ###
..#.....# ####.#.##
##.# ######### ##..
#.## ### ###


You could see a centaur warrior.

Vanquished Creatures
  Gastronok (D:10)
  A centaur warrior (D:11)
  A boulder beetle (D:9)
  A two-headed ogre (D:10)
  Nergalle (D:10)
  Pikel (D:6)
  An ugly thing (D:11)
  2 cyclopes
  A manticore (D:11)
  A rime drake (shapeshifter) (D:11)
  A gargoyle (D:11)
  A freezing wraith (D:11)
  A tengu conjurer (D:11)
  3 trolls
  Prince Ribbit (D:9)
  2 hornets
  21 yaks
  A slime creature (D:10)
  A wraith (D:11)
  4 shadows
  3 wyverns
  A steam dragon (D:8)
  A vampire (D:11)
  Grum (D:8)
  Menkaure (D:5)
  An acid dragon (D:11)
  3 water moccasins
  8 orc warriors
  A swamp drake (D:6)
  A black bear (D:6)
  4 wolves (D:8)
  4 centaurs
  8 ogres
  2 lemures
  9 kobold brigands
  6 bullfrogs
  5 gnoll sergeants
  3 scorpions
  Dowan (D:7)
  7 wights
  13 killer bees
  2 howler monkeys
  5 orc priests
  A gnoll bouda (D:8)
  A sleepcap (D:5)
  3 iguanas
  7 orc wizards
  11 gnolls
  13 adders
  An ufetubus (D:6)
  2 worms
  A dart slug (D:3)
  36 orcs
  9 ball pythons
  2 bats
  14 endoplasms
  11 giant cockroaches
  6 goblins
  3 hobgoblins
  6 jackals (D:1)
  38 kobolds
  11 quokkas
  10 frilled lizards
  4 rats
327 creatures vanquished.

Vanquished Creatures (collateral kills)
  3 foxfires (D:5)
3 creatures vanquished.

Vanquished Creatures (others)
  A manticore (D:11)
  1439 foxfires
1440 creatures vanquished.

Grand Total: 1770 creatures vanquished

Notes
Turn   | Place    | Note
-------+----------+-------------------------------------------
     0 | D:1      | cforsyth the Ogre Fire Elementalist began the quest for the
                  | Orb.
     0 | D:1      | Reached XP level 1. HP: 16/16 MP: 3/3
     1 | D:1      | Noticed an electric eel
    73 | D:1      | Found Ujaucw's Armour Shop.
    79 | D:1      | Reached skill level 1 in Conjurations
   176 | D:1      | You fall into a shaft and drop 1 floor!
   286 | D:1      | Reached XP level 2. HP: 24/24 MP: 1/5
   642 | D:1      | Reached skill level 3 in Spellcasting
   899 | D:1      | Reached XP level 3. HP: 31/31 MP: 2/7
   902 | D:1      | Learned a level 2 spell: Scorch
  2037 | D:3      | Reached XP level 4. HP: 39/39 MP: 6/9
  2252 | D:3      | Found a glowing drain.
  2264 | Sewer    | Entered a sewer
  2883 | Sewer    | Reached XP level 5. HP: 45/45 MP: 7/10
  2914 | Sewer    | Reached skill level 4 in Spellcasting
  3111 | Sewer    | Reached XP level 6. HP: 7/53 MP: 5/12
  3289 | D:3      | Found a faded altar of an unknown god.
  3918 | D:4      | Found a snail-covered altar of Cheibriados.
  4170 | D:4      | Reached skill level 5 in Spellcasting
  4576 | D:4      | Noticed a yak
  4576 | D:4      | Noticed a yak
  4580 | D:4      | Noticed a yak
  4625 | D:3      | Killed a yak
  4626 | D:3      | Reached XP level 7. HP: 36/59 MP: 4/15
  4633 | D:3      | Learned a level 4 spell: Flame Wave
  5155 | D:4      | Killed a yak
  5156 | D:4      | Reached skill level 5 in Fire Magic
  5165 | D:4      | Killed a yak
  5166 | D:4      | Reached skill level 6 in Spellcasting
  5166 | D:4      | Reached XP level 8. HP: 67/67 MP: 1/17
  5411 | D:4      | Found a sacrificial altar of Ru.
  5415 | D:4      | Found a radiant altar of Vehumet.
  5553 | D:5      | Entered Level 5 of the Dungeon
  6030 | D:5      | Noticed Menkaure
  6107 | D:5      | Killed Menkaure
  6108 | D:5      | Reached skill level 5 in Conjurations
  6614 | D:5      | Found a staircase to the Ecumenical Temple.
  6659 | Temple   | Entered the Ecumenical Temple
  6803 | D:4      | Became a worshipper of Vehumet
  6890 | D:5      | Found a shimmering blue altar of Sif Muna.
  6998 | D:5      | Reached skill level 7 in Spellcasting
  7812 | D:6      | Reached XP level 9. HP: 74/74 MP: 10/20
  8381 | D:6      | Reached skill level 8 in Spellcasting
  8508 | D:6      | Found a bloodstained altar of Trog.
  8511 | D:6      | Found a shimmering altar of Xom.
  8811 | D:6      | Reached * piety under Vehumet
  8811 | D:6      | Offered knowledge of Kiss of Death by Vehumet.
  8967 | D:7      | Reached skill level 1 in Fighting
  9119 | D:7      | Found Fajoson's Distillery.
  9754 | D:7      | Noticed Dowan
  9785 | D:7      | Killed Dowan
  9829 | D:7      | Noticed Duvessa
  9848 | D:7      | Duvessa changed into Duvessa the swamp drake
  9848 | D:7      | Noticed Duvessa
  9856 | D:6      | Killed Duvessa the swamp drake
 10149 | D:7      | Noticed Pikel
 10399 | D:6      | Killed Pikel
 10400 | D:6      | Reached skill level 9 in Spellcasting
 10400 | D:6      | Reached XP level 10. HP: 69/94 MP: 12/23
 10476 | D:7      | Reached skill level 5 in Fighting
 10868 | D:7      | Found a broken altar of Ashenzari.
 11113 | D:8      | Noticed Grum
 11123 | D:8      | Killed Grum
 12011 | D:8      | Found a glowing silver altar of Zin.
 12011 | D:8      | Noticed an angel
 12362 | D:7      | Reached skill level 10 in Spellcasting
 12622 | D:8      | Reached XP level 11. HP: 94/109 MP: 21/25
 12625 | D:8      | Offered knowledge of Magic Dart by Vehumet.
 12626 | D:8      | Reached ** piety under Vehumet
 13287 | D:8      | Upgraded the game from 0.31-a0-182-gc5ef74bbde to
                  | 0.31-a0-187-gba352fbbf7
 13511 | D:9      | Found an ancient bone altar of Kikubaaqudgha.
 13518 | D:9      | Reached skill level 1 in Shields
 13900 | D:9      | Offered knowledge of Searing Ray by Vehumet.
 14672 | D:9      | Noticed Prince Ribbit
 14679 | D:9      | Killed Prince Ribbit
 14755 | D:9      | Found a staircase to the Orcish Mines.
 15109 | D:9      | Reached *** piety under Vehumet
 15603 | D:10     | Entered Level 10 of the Dungeon
 15761 | D:10     | Offered knowledge of Hailstorm by Vehumet.
 15908 | D:10     | Noticed Nergalle
 15924 | D:10     | Killed Nergalle
 15925 | D:10     | Reached skill level 11 in Spellcasting
 15927 | D:10     | Noticed a two-headed ogre
 16232 | D:10     | Noticed Gastronok
 16281 | D:10     | Killed Gastronok
 16571 | D:10     | Killed a two-headed ogre
 16572 | D:10     | Reached XP level 12. HP: 63/123 MP: 11/27
 17030 | D:11     | Learned a level 3 spell: Hailstorm
 17036 | D:11     | Noticed a boulder beetle
 17400 | D:11     | Noticed a boulder beetle
 17976 | D:9      | Killed a boulder beetle
 18378 | D:11     | Noticed a centaur warrior
 18381 | D:11     | Killed a centaur warrior
 18488 | D:11     | Noticed an ogre mage
 18542 | D:11     | Reached skill level 5 in Shields
 18550 | D:11     | Reached skill level 10 in Fighting
 18664 | D:11     | Noticed a two-headed ogre
 18669 | D:11     | Reached skill level 10 in Fire Magic
 19077 | D:11     | Found a staircase to the Lair.
 19077 | D:11     | Noticed a centaur warrior
 19078 | D:11     | Noticed a five-headed hydra
 19078 | D:11     | Noticed a two-headed ogre
 19116 | D:11     | Noticed a four-headed hydra
 19756 | D:11     | HP: 6/126 [centaur warrior/arrow (7)]
 19756 | D:11     | Shot with an arrow by a centaur warrior

Illustrated notes

Levels and vault maps discovered:
D:1:      arrival_aquarium_a, layout_basic, serial_shops, shop,
          minmay_pentomino_q2
D:2:      layout_basic, chequers_serial_rivers_small_3, roderic_roman_lattice,
          minmay_misc_feat_chi
D:3:      layout_rooms, portal_sewer_entry_b, serial_rivers,
          chequers_serial_rivers_micro_e, chequers_serial_rivers_micro_b,
          chequers_serial_rivers_micro_e, chequers_serial_rivers_marsh,
          chequers_serial_rivers_micro_a, chequers_serial_rivers_small_3,
          basic_ecumenical_altar, corexii_corridor_pit, hex_large,
          minmay_misc_feat_secret_circle
D:4:      layout_gridville, cheibrodos_worm_habitat, grunt_temple_overflow_open,
          hangedman_decor_riveting, nicolae_zen_rock_garden
D:5:      kennysheep_kobold_camp, layout_rooms, nicolae_sif_muna_condensation,
          temple_pool_b, nicolae_eternal_life, small_statue_intersection,
          uniq_menkaure
D:6:      layout_loops_ring, nicolae_overflow_squiral
D:7:      layout_loops_ring, mainiacjoe_overflow_alcove_1, serial_shops, shop,
          minmay_joined_circles, uniq_pikel, uniq_duvessa
D:8:      layout_gridville, zin_angel, feat_on_display, uniq_grum
D:9:      layout_rooms, mainiacjoe_overflow_chevrons,
          kennysheep_orc_monster_closet_entryway, uniq_prince_ribbit1
D:10:     layout_basic, uniq_nergalle, uniq_gastronok
D:11:     minmay_the_grid_octo_tiled_octocenter_mashed
          [minmay_the_grid_octo_teeth, minmay_the_grid_octo_concentric,
          minmay_the_grid_octo_vomiting_pacman, minmay_the_grid_octo_horde,
          minmay_the_grid_octo_prize_square_snowflake,
          minmay_the_grid_square_5x5_inner_v,
          minmay_the_grid_square_5x5_two_walls_a,
          minmay_the_grid_square_5x5_spiral_small,
          minmay_the_grid_square_5x5_eight_small], layout_layer_cave
Temple:   dshaligram_water_room_temple

Skill      XL: |  1  2  3  4  5  6  7  8  9 10 11 12 |
---------------+-------------------------------------+-----
Conjurations   | 1 2 3 4 5 7 8 9 |  9.6
Spellcasting   | 3 4 5 6 7 9 10 11 | 11.8
Fire Magic     | 3 4 5 6 7 8 9 10 | 10.1
Fighting       | 4 7 9 10 | 10.3
Shields        | 4 5 |  5.4
Dodging        | |  1.7
Stealth        | |  1.4

Action                     |  1- 3 |  4- 6 |  7- 9 | 10-12 || total
---------------------------+-------+-------+-------+-------++-------
  Melee: Unarmed           |     6 |     2 |     4 |     1 ||    13
         Punch             |     1 |       |       |       ||     1
   Cast: Foxfire           |    77 |   140 |   195 |   418 ||   830
         Scorch            |       |     4 |    89 |   206 ||   299
         Flame Wave        |       |       |     2 |    13 ||    15
         Hailstorm         |       |       |       |     1 ||     1
  Evoke: Wand              |       |       |     4 |     2 ||     6
    Use: Scroll            |       |       |     1 |     3 ||     4
 Armour: Robe              |     4 |     8 |    20 |     5 ||    37
         Steam dragon scal |       |       |       |    30 ||    30
  Dodge: Dodged            |    20 |     6 |    64 |    77 ||   167
  Block: Other             |       |       |    20 |    22 ||    42
         Reflection        |       |       |       |    18 ||    18
         Kite shield       |       |       |       |    91 ||    91

Table legend: (Time is in decaauts)
 A = Elapsed time spent in this place.
 B = Non-inter-level travel time spent in this place.
 C = Inter-level travel time spent in this place.
 D = Time resting spent in this place.
 E = Time spent auto-exploring this place.
 F = Levels seen in this place.
 G = Mean time per level.
                   A        B        C        D        E       F      G
               +--------+--------+--------+--------+--------+-----+--------+
         Total |  19805 |  18984 |    821 |   4376 |  11672 |  13 | 1523.5 |
       Dungeon |  18710 |  17903 |    807 |   4376 |  10857 |  11 | 1700.9 |
        Temple |     72 |     58 |     14 |      0 |      0 |   1 |   72.0 |
         Sewer |   1022 |   1022 |      0 |      0 |    815 |   1 | 1022.0 |
               +--------+--------+--------+--------+--------+-----+--------+

Top non-repeatable levels by time:
    D:10: 2850 daAuts
     D:8: 2468 daAuts
     D:7: 2265 daAuts
     D:5: 1990 daAuts
     D:6: 1903 daAuts
     D:4: 1670 daAuts
     D:9: 1356 daAuts
     D:1: 1150 daAuts
    D:11: 1127 daAuts
     D:3: 1127 daAuts
   Sewer: 1022 daAuts
     D:2: 800 daAuts
  Temple: 72 daAuts
